 Dungeon Crawl Stone Soup version 0.29-a0-909-g30c7767f5c (webtiles) character file.

Game seed: 13570599555906244490

76 Garessta the Trooper (level 3, -1/31 HPs)
             Began as a Demigod Warper on July 25, 2022.
             Killed by divine providence
             ... invoked by an orc priest
              (7 damage)
             ... on level 3 of the Dungeon.
             The game lasted 00:03:25 (2806 turns).

Garessta the Trooper (Demigod Warper)               Turns: 2806, Time: 00:03:26

Health: -1/31      AC:  5    Str: 12    XL:     3   Next: 89%
Magic:  8/8        EV: 12    Int: 15    God:
Gold:   67         SH:  0    Dex: 17    Spells: 5/5 levels left

rFire   . . .      SeeInvis .   a - +0 falchion
rCold   . . .      Faith    .   (no shield)
rNeg    . . .      Spirit   .   g - +0 leather armour
rPois   .          Reflect  .   (no helmet)
rElec   .          Harm     .   p - +1 cloak
rCorr   .          Rampage  .   (no gloves)
Will    .....                   (no boots)
Stlth   +.........              (no amulet)
HPRegen 0.10/turn               (no ring)
MPRegen 0.11/turn               (no ring)

@: no status effects
A: high MP 1, forlorn, divine attributes
a: no special abilities


You were on level 3 of the Dungeon.
You visited 1 branch of the dungeon, and saw 3 of its levels.

You collected 67 gold pieces.

Inventory:

Hand Weapons
 a - a +0 falchion (weapon)
 b - a +0 dagger
Missiles
 d - 6 boomerangs of dispersal (quivered)
Armour
 g - a +0 leather armour (worn)
 p - a +1 cloak (worn)
Scrolls
 c - 4 scrolls of blinking
 e - 2 scrolls of immolation {unknown}
 i - a scroll of vulnerability {unknown}
 k - 3 scrolls of enchant armour {unknown}
 m - a scroll of fear {unknown}
 n - a scroll of teleportation {unknown}
 o - a scroll of poison {unknown}
 q - 2 scrolls of magic mapping {unknown}
 r - 2 scrolls of identify {unknown}
Potions
 f - 2 potions of degeneration {unknown}
 h - a potion of attraction {unknown}
 j - 3 potions of curing {unknown}
 l - a potion of flight {unknown}
 s - a potion of mutation {unknown}
 t - 2 potions of ambrosia {unknown}


   Skills:
 + Level 3.0 Fighting
 + Level 3.0 Long Blades
 - Level 1.0 Throwing
 - Level 1.0 Armour
 - Level 1.8 Dodging
 - Level 1.8 Spellcasting
 - Level 2.7 Translocations


You had 5 spell levels left.
You didn't know any spells.
Your spell library contained the following spells:

 Spells                   Type           Power      Damage    Failure   Level
 Blink                    Tloc           18%        N/A       14%         2
 Gell's Gravitas          Tloc           9%         N/A       28%         3
 Lesser Beckoning         Tloc           9%         N/A       28%         3
 Teleport Other           Tloc           9%         N/A       28%         3
 Manifold Assault         Tloc           9%         N/A       95%         5


Dungeon Overview and Level Annotations

Branches:
Dungeon (3/15)

Annotations:
D:2 1 runed translucent door, Crazy Yiuf


Innate Abilities, Weirdness & Mutations

You have an increased reservoir of magic. (+10% MP)
You shall have no god before yourself.
Your divine heritage dramatically boosts your attributes as you level up.


Message History

There is an open door here.
c - 4 scrolls of blinking (gained 1)
Found a stone staircase leading up.
There is a stone staircase leading up here.
You open the door.
There is an open door here.
An orc and an orc priest come into view.
The orc is wielding a +0 war axe and carrying a wand of flame (16).
The orc priest shouts!
Throw: 7 boomerangs (disperse)
Press: ? - help, Q - select action Shift-Dir - straight line, f - orc priest
Aim: an orc priest, wielding a +0 club and wearing a +3 leather armour (60% to hit)
You throw a boomerang of dispersal.
The boomerang of dispersal barely misses the orc priest.
Throw: 6 boomerangs (disperse)
Press: ? - help, Q - select action Shift-Dir - straight line, f/p - orc priest
Aim: an orc priest, wielding a +0 club and wearing a +3 leather armour (60% to hit)
Okay, then.
The orc hits you with a +0 war axe.
You hit the orc.
The orc is heavily wounded.
The orc zaps a wand.
The puff of flame misses you.
You hit the orc.
You kill the orc!
You barely miss the orc priest. The orc priest hits you with a +0 club.
You barely miss the orc priest. The orc priest closely misses you.
You slash the orc priest!
The orc priest is severely wounded.
The orc priest hits you with a +0 club.
The orc priest looks braver for a moment.
You hit the orc priest.
The orc priest is almost dead.
The orc priest invokes the aid of Beogh against you.
Pain shoots through your body!
* * * LOW HITPOINT WARNING * * *
You barely miss the orc priest.
The orc priest is almost dead.
The orc priest calls down the wrath of Beogh upon you.
Beogh smites you!
You die...

#...##.#....(......#.#
#...##.#.###.#........
#...##.# ...#....##.#
#...##.#######....##
#...##....<........#
#...################ #
#...'....... .
#...################.#
.###
#.............@o.....#
....
#...############.....#
#.. #...# ....# #.#
#...# .### ##### # # #
# o ..


You could see an orc priest.

Vanquished Creatures
  4 adders (D:2)
  2 dart slugs
  An orc (D:3)
  5 ball pythons
  3 bats
  2 endoplasms (D:2)
  A giant cockroach (D:2)
  2 goblins (D:1)
  3 hobgoblins (D:2)
  2 jackals (D:1)
  5 kobolds
  2 quokkas (D:2)
  A frilled lizard (D:2)
  2 rats
35 creatures vanquished.

Vanquished Creatures (others)
  5 fungi (D:1)
  11 plants
16 creatures vanquished.

Grand Total: 51 creatures vanquished

Notes
Turn   | Place    | Note
-------+----------+-------------------------------------------
     0 | D:1      | Garessta the Demigod Warper began the quest for the Orb.
     0 | D:1      | Reached XP level 1. HP: 17/17 MP: 5/5
   122 | D:1      | Reached skill level 1 in Armour
   272 | D:1      | Reached skill level 1 in Throwing
   542 | D:1      | Reached XP level 2. HP: 23/24 MP: 7/7
  1357 | D:2      | Reached XP level 3. HP: 24/30 MP: 8/8
  2464 | D:2      | Found a runed translucent door.
  2465 | D:2      | Noticed Crazy Yiuf
  2806 | D:3      | Killed from afar by an orc priest

Illustrated notes

Levels and vault maps discovered:
D:1:      eino_arrival_tree_alley, layout_rooms,
          dreamdust_ecumenical_altar_grove, serial_curves, eino_curves_02,
          eino_curves_02
D:2:      layout_loops_ring, serial_forest, infiniplex_forest_lined_room_,
          infiniplex_forest_clump_small, infiniplex_forest_lined_2,
          infiniplex_forest_lined_2, infiniplex_forest_zigzag_1,
          infiniplex_forest_end_double, infiniplex_forest_clump_curved,
          basic_altar, chequers_serial_rivers_small_a, uniq_crazy_yiuf_cottage
D:3:      layout_basic, zin_academy, kennysheep_orc_chapel

Skill      XL: |  1  2  3 |
---------------+----------+-----
Armour         | 1 |  1.0
Throwing       | 1 |  1.0
Fighting       | 2 3 |  3.0
Long Blades    | 2 3 |  3.0
Dodging        | |  1.8
Spellcasting   | |  1.8
Translocations | |  2.7

Action                   || total
-------------------------++-------
Melee: Falchion          ||   139
Throw: Boomerang         ||     1
 Stab: Sleeping          ||     2
Armor: Leather armour    ||    32
Dodge: Dodged            ||    79

Table legend: (Time is in decaauts)
 A = Elapsed time spent in this place.
 B = Non-inter-level travel time spent in this place.
 C = Inter-level travel time spent in this place.
 D = Time resting spent in this place.
 E = Time spent auto-exploring this place.
 F = Levels seen in this place.
 G = Mean time per level.
                   A        B        C        D        E       F      G
               +--------+--------+--------+--------+--------+-----+--------+
         Total |   2832 |   2735 |     97 |    468 |   1911 |   3 |  944.0 |
       Dungeon |   2832 |   2735 |     97 |    468 |   1911 |   3 |  944.0 |
               +--------+--------+--------+--------+--------+-----+--------+

Top non-repeatable levels by time:
     D:2: 1534 daAuts
     D:1: 1169 daAuts
     D:3: 127 daAuts
